 Dungeon Crawl Stone Soup version 0.20-a0-225-g9e35ab2 (webtiles) character file.

226 Faca the Shield-Bearer (level 6, -4/48 HPs)
             Began as a Formicid Fighter on Nov 25, 2016.
             Slain by an orc warrior
             ... wielding a +0 dire flail
              (12 damage)
             ... on level 3 of the Dungeon.
             The game lasted 00:10:23 (1975 turns).

Faca the Shield-Bearer (Formicid Fighter)           Turns: 1975, Time: 00:10:24

Health: -4/48      AC: 12    Str: 20    XL:     6   Next: 22%
Magic:  6/6        EV:  9    Int:  8    God:
Gold:   111        SH: 10    Dex: 12    Spells: 5/5 levels left

rFire  . . .     SeeInvis +     a - +0 war axe
rCold  . . .     Gourm    .     e - +0 chain mail
rNeg   . . .     Faith    .     c - +0 shield
rPois  .         Spirit   .     (helmet unavailable)
rElec  .         Reflect  .     (no cloak)
rCorr  +         Harm     .     b - +0 pair of gloves
MR     .....                    g - +1 pair of boots
Stlth  ..........               (no amulet)
                                i - ring of resist corrosion
                                j - +3 ring of evasion

@: no status effects
A: permanent stasis, dig shafts and tunnels, four strong arms, antennae 3
a: Dig, Shaft Self


You were on level 3 of the Dungeon.
You were not hungry.

You visited 1 branch of the dungeon, and saw 3 of its levels.

You collected 111 gold pieces.

Inventory:

Hand Weapons
 a - a +0 war axe (weapon)
Armour
 b - a +0 pair of gloves (worn)
 c - a +0 shield (worn)
 e - a +0 chain mail (worn)
 g - a +1 pair of boots (worn)
Jewellery
 i - a ring of resist corrosion (right hand)
 j - a +3 ring of evasion (left hand)
Potions
 d - a potion of might
 h - 2 potions of brilliance
Comestibles
 f - 4 bread rations
 k - 2 meat rations


   Skills:
 + Level 4.0 Fighting
 + Level 4.4 Axes
 + Level 4.0 Armour
 + Level 0.6 Dodging
 + Level 4.7 Shields


You had 5 spell levels left.
You didn't know any spells.

Dungeon Overview and Level Annotations

Branches:
Dungeon (3/15)

Altars:
Dithmenos
Makhleb

Annotations:
D:3 Grinder


Innate Abilities, Weirdness & Mutations

You cannot be hasted, slowed, berserked, paralysed or teleported.
You can dig through walls and to a lower floor.
Your four strong arms can wield two-handed weapons with a shield.
You have a pair of large antennae on your head. (SInv)


Message History

You hit the orc. x2; You block the orc warrior's attack.
The orc hits you.
* * * LOW HITPOINT WARNING * * *
You block the orc's attack.
You are too injured to fight recklessly!
You closely miss the orc warrior.
The orc warrior is moderately wounded.
You hit the orc.
Your chain mail prevents you from hitting the orc.
The orc warrior closely misses you. The orc barely misses you.
You block the orc's attack.
The orc warrior hits you with a dire flail!
* * * LOW HITPOINT WARNING * * *
You hit the orc warrior but do no damage.
The orc warrior is moderately wounded.
You slash the orc!
You kill the orc!
You hit the orc.
You kill the orc!
The orc warrior hits you with a dire flail!
You die...

###....).>.....#**
#########...####......#*
..........#####.......#
########### ##........#
# ####..#......#
#....##......# *
***#.##....<†...# **
***,,..$.....#.####
,****,,,,......o@#.#
,,**,,*,,......[o#.#
,,**,,,,,........#.#
,,,,,,,,,........#.#
,,,,***,,.>......#.#
,,*,* *,,........#.#
,,,,*****#..####..,*
,,***,,,,>..* #.#**
,,*,,,***,,,* *,*
**********


You could see an orc warrior and an orc.

Vanquished Creatures
  A crimson imp (D:2)
  Jessica (D:3)
  An orc wizard (D:3)
  5 adders
  A worm (D:2)
  4 dart slugs
  5 leopard geckos
  8 orcs (D:3)
  4 giant cockroaches
  6 hobgoblins
  7 jackals
  2 bats (D:2)
  A frilled lizard (D:3)
  12 goblins
  4 kobolds
  10 rats
72 creatures vanquished.

Notes
Turn   | Place    | Note
-------+----------+-------------------------------------------
     0 | D:1      | Faca the Formicid Fighter began the quest for the Orb.
     0 | D:1      | Reached XP level 1. HP: 18/18 MP: 1/1
    21 | D:1      | Reached XP level 2. HP: 16/24 MP: 2/2
   347 | D:1      | Reached XP level 3. HP: 27/29 MP: 3/3
   883 | D:2      | Reached XP level 4. HP: 30/37 MP: 4/4
   885 | D:2      | Found a burning altar of Makhleb.
  1313 | D:3      | Noticed Grinder
  1331 | D:3      | Reached XP level 5. HP: 4/42 MP: 5/5
  1875 | D:3      | Found a shadowy altar of Dithmenos.
  1947 | D:3      | Reached XP level 6. HP: 48/48 MP: 6/6
  1963 | D:3      | Noticed Jessica
  1964 | D:3      | Noticed an orc warrior
  1971 | D:3      | Killed Jessica
  1975 | D:3      | Slain by an orc warrior

Vault maps used:
D:1:      minmay_arrival_five_plusses, minmay_misc_feat_more_columns,
          minmay_misc_feat_rows
D:2:      makhleb_grotto_becter, first_bread
D:3:      nicolae_dithmenos_through_a_glass_darkly, uniq_grinder, uniq_jessica

Skill      XL: |  1  2  3  4  5  6 |
---------------+-------------------+-----
Shields        | 4 |  4.7
Axes           | 3 4 |  4.4
Armour         | 4 |  4.0
Fighting       | 4 |  4.0
Dodging        | |  0.6

Action                   |  1- 3 |  4- 6 || total
-------------------------+-------+-------++-------
Melee: War axe           |    95 |   167 ||   262
  Use: Scroll            |     5 |     1 ||     6
       Potion            |       |     1 ||     1
  Eat: Bread ration      |       |     1 ||     1
Armor: Scale mail        |     2 |       ||     2
       Chain mail        |    36 |    83 ||   119
Dodge: Dodged            |    12 |    92 ||   104
Block: Shield            |    47 |   100 ||   147
